[Event "Early-Titled-Tuesday-Blitz-August-29-2023"]
[Site "Chess.com"]
[Date "2023.08.29"]
[Round "11"]
[White "Doomfist26"]
[Black "ljuks68"]
[Result "1-0"]
[WhiteElo "2600"]
[BlackElo "2462"]
[TimeControl "180+1"]
[EndTime "10:01:20 PDT"]
[Termination "Doomfist26 won on time"]

1. e4 e6 2. d4 d5 3. Nc3 Bb4 4. Qd3 Ne7 5. Ne2 b6 6. Qg3 O-O 7. Bf4 Bd6 8. Bxd6 cxd6 9. exd5 exd5 10. O-O-O a6 11. Nf4 Bb7 12. Bd3 b5 13. Nh5 Ng6 14. f4 f5 15. Qf3 Nh4 16. Qf2 Nc6 17. Nxd5 Na5 18. Ne3 Rc8 19. Kb1 Nc4 20. Qg3 Ng6 21.
Nxf5 Qa5 22. Bxc4+ bxc4 23. Nxd6 c3 24. Nxc8 Rxc8 25.
Rd3 Qb4 26. Rxc3 1-0

[Event "Early-Titled-Tuesday-Blitz-August-29-2023"]
[Site "Chess.com"]
[Date "2023.08.29"]
[Round "11"]
[White "KorolDimitriy75"]
[Black "RIPOL"]
[Result "1-0"]
[WhiteElo "2362"]
[BlackElo "2419"]
[TimeControl "180+1"]
[EndTime "10:01:35 PDT"]
[Termination "KorolDimitriy75 won by resignation"]

1. d4 Nf6 2. c4 e6 3. Nc3 Bb4 4. Qc2 d5 5. cxd5 exd5 6. Bg5 h6 7. Bxf6 Qxf6 8. a3 Bxc3+ 9. Qxc3 c6 10. e3 O-O 11. Ne2 Nd7 12. Ng3 Nb6 13. Be2 Re8 14.
O-O a5 15. b4 axb4 16. axb4 Rxa1 17. Rxa1 Qd6 18. b5 Bd7 19. bxc6 Bxc6 20. Rb1 Nd7 21.
Bb5 Rc8 22. Qb3 g6 23. h3 h5 24. Ne2 Nf8 25. Bxc6 bxc6 26. Nf4 Ne6 27. Qb7 Rc7 28. Qb8+ Kg7 29. Nxe6+ fxe6 30. Rb7 1-0

[Event "Early-Titled-Tuesday-Blitz-August-29-2023"]
[Site "Chess.com"]
[Date "2023.08.29"]
[Round "11"]
[White "TC2304"]
[Black "TigranHH"]
[Result "1-0"]
[WhiteElo "2404"]
[BlackElo "2247"]
[TimeControl "180+1"]
[EndTime "10:01:39 PDT"]
[Termination "TC2304 won by resignation"]

1. c4 e5 2. Nc3 Nf6 3. g3 Nc6 4. Bg2 Bc5 5. e3 d6 6. Nge2 a6 7. O-O O-O 8. a3 Re8 9. b4 Ba7 10. Bb2 Be6 11. d3 Qd7 12. Nd5 Bxd5 13. cxd5 Ne7 14. e4 c6 15. d4 Ng6 16. dxe5 Nxe5 17.
dxc6 bxc6 18. Rc1 Rad8 19. Bd4 d5 20. exd5 cxd5 21. Nf4 Ne4 22. Bxa7 Qxa7 23. Nxd5 Nd6 24. Re1 Ndc4 25. Qa4 Nd3 26. Qxe8+ 1-0

[Event "Early-Titled-Tuesday-Blitz-August-29-2023"]
[Site "Chess.com"]
[Date "2023.08.29"]
[Round "11"]
[White "Veleamater"]
[Black "Bilan_Danila"]
[Result "0-1"]
[WhiteElo "2335"]
[BlackElo "2501"]
[TimeControl "180+1"]
[EndTime "10:01:49 PDT"]
[Termination "Bilan_Danila won on time"]

1. g3 d5 2. Bg2 Nf6 3. d3 Bg4 4. Nf3 e6 5. h3 Bh5 6. O-O Nbd7 7. Nc3 Bc5 8. e4 c6 9. g4 Bg6 10. Nd2 dxe4 11. Ndxe4 Nxe4 12. dxe4 h5 13. g5 h4 14. Kh1 e5 15. Qe2 Nf8 16. Be3 Be7 17. Qg4 Ne6 18. Rad1 Qc7 19. f4 exf4 20. Bxf4 Nxf4 21.
Qxf4 Qxf4 22. Rxf4 Bxg5 23. Rff1 Rd8 24. Rxd8+ Kxd8 25. e5 Kc7 26. Ne4 Be7 27. c3 Rh5 28. Nf2 Rxe5 29. Ng4 Re2 30. b4 Bd6 31. Bf3 Rxa2 32.
Re1 a5 33. bxa5 Rxa5 34. Be4 Bxe4+ 0-1

[Event "Early-Titled-Tuesday-Blitz-August-29-2023"]
[Site "Chess.com"]
[Date "2023.08.29"]
[Round "11"]
[White "BillCoe"]
[Black "Mihaiionescu1"]
[Result "1-0"]
[WhiteElo "2142"]
[BlackElo "2446"]
[TimeControl "180+1"]
[EndTime "10:01:49 PDT"]
[Termination "BillCoe won by resignation"]

1. e4 c5 2. Nf3 d6 3. d4 cxd4 4.
Nxd4 Nf6 5. Nc3 g6 6. f3 Bg7 7. Be3 O-O 8. Qd2 Nc6 9. O-O-O d5 10. Kb1 e5 11. Nxc6 bxc6 12. exd5 cxd5 13. Nxd5 Nxd5 14. Qxd5 Qc7 15. Qxa8 Bf5 16. Qxf8+ Kxf8 17. Bd3 Be6 18.
Be4 f5 19. Bd5 Bxd5 20. Rxd5 Qb7 21. Bc5+ Kf7 22. Rhd1 Qb5 23. Ba3 Qe2 24. R5d2 Qc4 25. b3 Qf4 26. h3 e4 27. Rd7+ Kg8 28. Rd8+ Kf7 29. R1d7+ Ke6 30. Rxg7 exf3 31. gxf3 Qxf3 32. Re7+ Kf6 33. Rf8+ Kg5 34. Bc1+ Kh4 35. Rxh7+ Kg3 36. Rg8 Qc6 37. Rhg7 1-0

[Event "Early-Titled-Tuesday-Blitz-August-29-2023"]
[Site "Chess.com"]
[Date "2023.08.29"]
[Round "11"]
[White "Vanina1989"]
[Black "alexrustemov"]
[Result "0-1"]
[WhiteElo "2706"]
[BlackElo "2881"]
[TimeControl "180+1"]
[EndTime "10:01:55 PDT"]
[Termination "alexrustemov won by resignation"]

1. d4 d5 2. c4 c6 3. Nf3 Nf6 4. e3 a6 5. Nc3 b5 6. b3 Bg4 7. Be2 e6 8. O-O Bd6 9. Ne5 Bxe2 10.
Qxe2 Qc7 11. Bb2 O-O 12. Rac1 Qb7 13. c5 Bc7 14. e4 b4 15. Nd1 Nxe4 16. Ne3 Nf6 17.
f4 Nbd7 18. f5 Rae8 19. N3g4 exf5 20. Rxf5 Nxg4 21. Qxg4 Nxe5 22. dxe5 Re6 23. h4 a5 24. h5 Qb5 25. Rf3 Qe2 26. Bd4 Bxe5 27. Bxe5 Qxe5 28.
Rcf1 h6 29. Rg3 f5 30. Qd1 Qxg3 0-1

[Event "Early-Titled-Tuesday-Blitz-August-29-2023"]
[Site "Chess.com"]
[Date "2023.08.29"]
[Round "11"]
[White "falzehope0"]
[Black "leopato"]
[Result "1-0"]
[WhiteElo "2417"]
[BlackElo "2169"]
[TimeControl "180+1"]
[EndTime "10:01:58 PDT"]
[Termination "falzehope0 won on time"]

1. d4 Nf6 2. e3 g6 3. Bd3 Bg7 4. f4 d6 5. Nf3 O-O 6. O-O c5 7. c3 Nc6 8. Bc2 e5 9. d5 e4 10. Ng5 Ne7 11. c4 Bf5 12. Nc3 Re8 13. Ngxe4 Nxe4 14. Nxe4 b5 15. cxb5 Qb6 16. Nc3 Bxc2 17. Qxc2 a6 18.
bxa6 f5 19. e4 fxe4 20. Qxe4 Nf5 21. Qf3 Bd4+ 22. Kh1 Qxa6 23. Bd2 Rab8 24. b3 c4 25. Rae1 cxb3 26. axb3 Qa3 27. Rxe8+ Rxe8 28. Nb5 Qc5 29.
Nxd4 Qxd4 30. Bc3 Qe4 31. Qxe4 Rxe4 32. b4 Ne3 33. Rb1 Nxd5 34. Bd2 Nb6 35. b5 Rd4 36. Be3 Rd5 37. Bxb6 1-0

[Event "Early-Titled-Tuesday-Blitz-August-29-2023"]
[Site "Chess.com"]
[Date "2023.08.29"]
[Round "11"]
[White "lefonghua"]
[Black "reevecanada"]
[Result "0-1"]
[WhiteElo "2656"]
[BlackElo "2532"]
[TimeControl "180+1"]
[EndTime "10:02:03 PDT"]
[Termination "reevecanada won by resignation"]

1. d4 d5 2. c4 c6 3. Nf3 Nf6 4. Nc3 dxc4 5. a4 Bf5 6. Ne5 Nbd7 7. Nxc4 Nb6 8. Ne5 a5 9. f3 g6 10. e4 Be6 11. Be3 Bg7 12. Be2 O-O 13. O-O Nfd7 14. Nxd7 Bxd7 15. Qb3 Qc7 16. Rac1 Rfd8 17. Nd5 Nxd5 18.
exd5 Qd6 19. Bc4 cxd5 20. Bxd5 e6 21. Be4 Bxd4 22. Rfd1 Bxe3+ 23. Qxe3 Qb4 24. Rd4 Qb6 25. Rcd1 e5 26. R4d3 Qxe3+ 27. Rxe3 Bxa4 28. Rxd8+ Rxd8 29. Bxb7 Rd1+ 30. Kf2 Rd2+ 31. Re2 Rxe2+ 32. Kxe2 Bb5+ 33. Kd2 f6 34. Kc3 Kf8 35. Bd5 Ke7 36. Bc4 Bxc4 37. Kxc4 f5 38. Kd5 Kf6 39. b3 g5 40. g4 f4 41. h3 h6 42. Kc4 Ke6 43. Kc3 Kd5 44.
Kd3 e4+ 45. fxe4+ Ke5 0-1

[Event "Early-Titled-Tuesday-Blitz-August-29-2023"]
[Site "Chess.com"]
[Date "2023.08.29"]
[Round "11"]
[White "santosalberto1987"]
[Black "Good_Knight_Kiss"]
[Result "1-0"]
[WhiteElo "2552"]
[BlackElo "2384"]
[TimeControl "180+1"]
[EndTime "10:02:03 PDT"]
[Termination "santosalberto1987 won by resignation"]

1. e4 c5 2. Nf3 d6 3. Bb5+ Nd7 4.
d4 cxd4 5. Qxd4 a6 6. Bxd7+ Bxd7 7. Nc3 Rc8 8. Bg5 h6 9. Bh4 e5 10. Qd3 g5 11. Bg3 Nf6 12. O-O-O b5 13. Nxe5 dxe5 14. Bxe5 Be7 15. Nd5 Nxd5 16. Bxh8 Nb4 17. Qg3 Qa5 18. a3 Nxc2 19. Kb1 b4 20. Rc1 bxa3 21. Rxc2 a2+ 22.
Ka1 Rxc2 23. Rd1 Be6 24. Bc3 Qa4 25. Qb8+ 1-0

[Event "Early-Titled-Tuesday-Blitz-August-29-2023"]
[Site "Chess.com"]
[Date "2023.08.29"]
[Round "11"]
[White "KejJaj"]
[Black "Quattroporte300"]
[Result "1-0"]
[WhiteElo "2207"]
[BlackElo "2405"]
[TimeControl "180+1"]
[EndTime "10:02:06 PDT"]
[Termination "KejJaj won by resignation"]

1. d4 d5 2. Bf4 Nf6 3. e3 g6 4. Nc3 Bg7 5. Nb5 Na6 6. Nc3 O-O 7.
Bxa6 bxa6 8. Be5 c5 9. dxc5 Be6 10. b4 a5 11. a3 Qc8 12. Nf3 Qb7 13. Qd4 Qa6 14. b5 Qc8 15. O-O a6 16. a4 Rd8 17. c6 Ne8 18. Bxg7 Nxg7 19. Qc5 Qc7 20. Nd4 Qd6 21. Qxd6 Rxd6 22. b6 Rb8 23. Rfb1 Bf5 24. Rb2 e5 25. Nxf5 Nxf5 26. c7 Rf8 27. b7 Ne7 28.
b8=Q 1-0

[Event "Early-Titled-Tuesday-Blitz-August-29-2023"]
[Site "Chess.com"]
[Date "2023.08.29"]
[Round "11"]
[White "ProfessorChess101"]
[Black "EvgenyBurmakin"]
[Result "1-0"]
[WhiteElo "2426"]
[BlackElo "2289"]
[TimeControl "180+1"]
[EndTime "10:02:13 PDT"]
[Termination "ProfessorChess101 won by checkmate"]

1. d4 Nf6 2. Nc3 d5 3. Bf4 Bf5 4. e3 e6 5. Nb5 Na6 6. c4 Bb4+ 7. Nc3 Ne4 8. Ne2 g5 9. Bg3 h5 10. h4 Nxg3 11. Nxg3 Bg4 12. Qa4+ c6 13. cxd5 exd5 14. Bxa6 Bxc3+ 15. bxc3 bxa6 16. Qxc6+ Kf8 17. hxg5 Rc8 18. Qf6 Qxf6 19. gxf6 Rxc3 20. Kd2 Rc6 21. f3 Bd7 22. Nxh5 Bf5 23. e4 dxe4 24. Ng3 Bg6 25. Rxh8# 1-0

[Event "Early-Titled-Tuesday-Blitz-August-29-2023"]
[Site "Chess.com"]
[Date "2023.08.29"]
[Round "11"]
[White "betta2004"]
[Black "benny_aizenberg"]
[Result "0-1"]
[WhiteElo "2555"]
[BlackElo "2669"]
[TimeControl "180+1"]
[EndTime "10:02:14 PDT"]
[Termination "benny_aizenberg won by resignation"]

1. e4 e5 2. Nf3 Nf6 3. Bc4 Bc5 4. O-O d6 5. d3 h6 6. c3 Bg4 7. h3 Bxf3 8. Qxf3 Nc6 9. a4 a5 10. Nd2 Qe7 11. Nb3 Bb6 12. Be3 Bxe3 13. Qxe3 O-O 14.
Bb5 Nd8 15. Nd2 Ne6 16. Rae1 Nf4 17. Kh2 c6 18. Bc4 Qd7 19. d4 Rae8 20. Nf3 g5 21.
Bd3 Kh8 22. Ng1 Rg8 23. g3 Nxh3 24. Qf3 Nf4 25. gxf4 gxf4 26. Be2 Rg4 27. Nh3 Reg8 28. Rg1 h5 29. dxe5 dxe5 30. Rd1 Qe7 31. Qh1 Nh7 32.
Bxg4 hxg4 33. Rxg4 Rxg4 34. Qf3 Qh4 35. Rd8+ Kg7 36. Rd1 Ng5 37. Qd3 f3 0-1

[Event "Early-Titled-Tuesday-Blitz-August-29-2023"]
[Site "Chess.com"]
[Date "2023.08.29"]
[Round "11"]
[White "masterofpuppets2"]
[Black "Forge13"]
[Result "1-0"]
[WhiteElo "2473"]
[BlackElo "2618"]
[TimeControl "180+1"]
[EndTime "10:02:15 PDT"]
[Termination "masterofpuppets2 won by resignation"]

1. d4 Nf6 2. c4 d6 3. Nc3 e5 4.
d5 a5 5. e4 Na6 6. f3 Be7 7.
Be3 h6 8. Qd2 Nh7 9. g3 Bg5 10.
f4 exf4 11. gxf4 Bh4+ 12. Kd1 O-O 13. Nf3 Re8 14. Be2 Bf6 15. Rg1 c6 16. e5 Be7 17.
Ne4 dxe5 18. fxe5 Bb4 19. Nc3 Kh8 20. Bxh6 gxh6 21. Qxh6 Bf8 22. Qh5 f6 23. Bd3 Re7 24.
exf6 Nb4 25. fxe7 Qxe7 26. Ne5 1-0

[Event "Early-Titled-Tuesday-Blitz-August-29-2023"]
[Site "Chess.com"]
[Date "2023.08.29"]
[Round "11"]
[White "Kirill_Klukin"]
[Black "GMBenjaminBok"]
[Result "0-1"]
[WhiteElo "2798"]
[BlackElo "2917"]
[TimeControl "180+1"]
[EndTime "10:02:18 PDT"]
[Termination "GMBenjaminBok won by resignation"]

1. d4 Nf6 2. Nf3 e6 3. e3 b6 4.
Bd3 Bb7 5. O-O d5 6. b3 c5 7. Bb2 Nc6 8. a3 Bd6 9. Nbd2 O-O 10. Ne5 Rc8 11. Qe2 Qc7 12. f4 Ne7 13. g4 Ne4 14.
Bxe4 dxe4 15. Ndc4 Ba6 16. Qg2 f6 17. Nxd6 Bxf1 18.
Rxf1 Qxd6 19. Nc4 Qd5 20. a4 cxd4 21. Bxd4 Nc6 22. Bb2 Na5 23. Nxa5 bxa5 24. Qe2 Rfd8 25. Bd4 e5 26. fxe5 fxe5 27. Rf5 Re8 28. Bb2 Qc5 29. c4 Rb8 30. Qf2 Rxb3 31. Bxe5 Rxe5 0-1

[Event "Early-Titled-Tuesday-Blitz-August-29-2023"]
[Site "Chess.com"]
[Date "2023.08.29"]
[Round "11"]
[White "Ducke13"]
[Black "madmax011"]
[Result "1-0"]
[WhiteElo "2427"]
[BlackElo "2297"]
[TimeControl "180+1"]
[EndTime "10:02:19 PDT"]
[Termination "Ducke13 won by checkmate"]

1. d4 Nf6 2. g3 d5 3. Nf3 e6 4. c4 dxc4 5. Bg2 c5 6. O-O Nc6 7. dxc5 Qxd1 8. Rxd1 Bxc5 9. Nbd2 c3 10. bxc3 O-O 11. Nb3 Be7 12. c4 Bd7 13. Bb2 Rac8 14. Rac1 Rfd8 15. c5 Be8 16. Nfd4 Nxd4 17. Bxd4 Nd5 18.
Be5 Bc6 19. Bd6 Bxd6 20. cxd6 Nb4 21. a3 Bxg2 22. Rxc8 Rxc8 23. axb4 Bd5 24. Nc5 b6 25. e4 bxc5 26. exd5 cxb4 27. d7 Rd8 28. Rc1 Kf8 29. d6 b3 30. Rc8 b2 31. Rxd8# 1-0

[Event "Early-Titled-Tuesday-Blitz-August-29-2023"]
[Site "Chess.com"]
[Date "2023.08.29"]
[Round "11"]
[White "wqws"]
[Black "isaak2009"]
[Result "1-0"]
[WhiteElo "2683"]
[BlackElo "2565"]
[TimeControl "180+1"]
[EndTime "10:02:22 PDT"]
[Termination "wqws won by checkmate"]

1. e4 c6 2. d4 d5 3. e5 Bf5 4. h4 h5 5. c4 e6 6. Nc3 Bb4 7. cxd5 Qxd5 8. a3 Bxc3+ 9. bxc3 c5 10. Be3 cxd4 11. Qxd4 Qxd4 12. cxd4 Ne7 13. Nf3 Nbc6 14. Be2 O-O 15. O-O b6 16. Rac1 Rac8 17. Ba6 Rc7 18. Rc4 Bd3 19. Rxc6 Rxc6 20. Bxd3 Rc3 21. Be4 Rxa3 22.
Rc1 Nd5 23. Bg5 Nc3 24. Bd3 Rc8 25. Kh2 a5 26. Nd2 Rc7 27. Bd8 Nd5 28. Bxc7 Rxd3 29.
Ne4 Rxd4 30. Ng5 Rxh4+ 31. Kg1 Rg4 32. Bd8 g6 33. Rc8 Kg7 34. f3 Rb4 35. Ne4 Rb1+ 36. Kh2 Re1 37. Bf6+ Nxf6 38. exf6+ Kh7 39. Ng5+ Kh6 40.
Nxf7+ Kh7 41. Rh8# 1-0

[Event "Early-Titled-Tuesday-Blitz-August-29-2023"]
[Site "Chess.com"]
[Date "2023.08.29"]
[Round "11"]
[White "FormerProdigy"]
[Black "Orest_Vovk"]
[Result "1-0"]
[WhiteElo "2868"]
[BlackElo "2587"]
[TimeControl "180+1"]
[EndTime "10:02:24 PDT"]
[Termination "FormerProdigy won by resignation"]

1. e4 g5 2. d4 g4 3. Nc3 Bg7 4. h3 c5 5. dxc5 Bxc3+ 6. bxc3 g3 7. fxg3 Nc6 8. Be3 Qa5 9. Qd2 Nf6 10. Bd3 b6 11.
cxb6 axb6 12. Nf3 d6 13. O-O Rg8 14. g4 Bxg4 15. hxg4 Nxg4 16. Rab1 Qh5 17. Bb5 Rc8 18. Qd5 Qxd5 19. exd5 Nxe3 20. Bxc6+ Kd8 21. Rf2 e5 22. Rxb6 f5 23. a4 Ke7 24. a5 Rg4 25. a6 Rcg8 26. Ne1 Re4 27. a7 Ng4 28. Rf1 Ne3 29. Rb7+ Kf6 30.
Rb8 Rg3 31. a8=Q 1-0

[Event "Early-Titled-Tuesday-Blitz-August-29-2023"]
[Site "Chess.com"]
[Date "2023.08.29"]
[Round "11"]
[White "enriquebutti"]
[Black "Pilopa"]
[Result "0-1"]
[WhiteElo "2268"]
[BlackElo "2689"]
[TimeControl "180+1"]
[EndTime "10:02:24 PDT"]
[Termination "Pilopa won by resignation"]

1. d4 Nf6 2. Nf3 e6 3. e3 d5 4.
Bd3 Nbd7 5. O-O Be7 6. b3 O-O 7.
Bb2 a5 8. c4 c6 9. Nc3 Bb4 10.
Qe2 Bxc3 11. Bxc3 Ne4 12. Bb2 f5 13. cxd5 exd5 14. Ne5 Nxe5 15. dxe5 Be6 16. f3 Ng5 17. Qf2 a4 18. Qg3 Nf7 19. f4 axb3 20. axb3 Qe7 21. Qh3 Nh6 22. Qf3 Qb4 23. Bc2 Qd2 24. Qf2 Qxf2+ 25. Rxf2 Rxa1+ 26. Bxa1 Ra8 27. Bd4 Ra5 28. b4 Ra3 29. h3 Kf7 30. Rd2 Ng8 31. Kf2 Ne7 32.
Bd1 Ng6 33. g3 Nf8 34. Bh5+ g6 35. Be2 Bd7 36. Rb2 Ne6 37. Bf3 Nxd4 38. exd4 Rd3 39.
b5 Rxd4 40. bxc6 Bxc6 41. Ra2 Rb4 42. Ra8 Rb2+ 43. Ke3 d4+ 0-1

[Event "Early-Titled-Tuesday-Blitz-August-29-2023"]
[Site "Chess.com"]
[Date "2023.08.29"]
[Round "11"]
[White "chessajedrezz2020"]
[Black "atalz0"]
[Result "1-0"]
[WhiteElo "2681"]
[BlackElo "2478"]
[TimeControl "180+1"]
[EndTime "10:02:25 PDT"]
[Termination "chessajedrezz2020 won by checkmate"]

1. Nf3 Nf6 2. g3 b5 3. Bg2 Bb7 4. O-O e6 5. d3 Be7 6. e4 d6 7.
Ng5 Nfd7 8. Qh5 g6 9. Qh6 Bf8 10. Qh3 Bg7 11. f4 h6 12. Nf3 O-O 13. f5 exf5 14. Bxh6 fxe4 15. Ng5 Nf6 16. Nc3 Nbd7 17. Ncxe4 Bxe4 18. Bxe4 Rb8 19. Bxg6 fxg6 20. Bxg7 Qe7 21. Qh8# 1-0

[Event "Early-Titled-Tuesday-Blitz-August-29-2023"]
[Site "Chess.com"]
[Date "2023.08.29"]
[Round "11"]
[White "jk13"]
[Black "Angry_Twin"]
[Result "0-1"]
[WhiteElo "2665"]
[BlackElo "2947"]
[TimeControl "180+1"]
[EndTime "10:02:26 PDT"]
[Termination "Angry_Twin won by resignation"]

1. e4 c5 2. c3 Nf6 3. e5 Nd5 4. Bc4 e6 5. Nf3 d6 6. d4 cxd4 7. cxd4 Nc6 8. Qe2 Be7 9. O-O O-O 10. a3 Qc7 11. Bd2 Qb6 12. Bxd5 exd5 13. Bc3 Be6 14. exd6 Bxd6 15. Nbd2 Rfe8 16. Qd3 h6 17.
Rfe1 Na5 18. Ne5 Rac8 19. Rac1 Nc4 20. Ndxc4 dxc4 21. Qf3 Qb5 22. h3 Qd5 23. Qxd5 Bxd5 24. Ng4 b5 25. Rxe8+ Rxe8 26. Ne3 Bc6 27. Bb4 Bf4 28. Rd1 Bxe3 29. fxe3 Rxe3 30. d5 Bd7 31. Kf2 Rb3 32. Bc3 a5 33. Rd2 b4 34. axb4 axb4 35. Bd4 f6 36. Rc2 Bb5 37. Rc1 Rd3 38. Bc5 b3 39. d6 Rd2+ 40. Kg3 Rxb2 41. Rd1 Bd7 42. Re1 Rd2 43. Re7 b2 44. Rxd7 b1=Q 0-1

[Event "Early-Titled-Tuesday-Blitz-August-29-2023"]
[Site "Chess.com"]
[Date "2023.08.29"]
[Round "11"]
[White "Carlitus2004"]
[Black "Dmitry_Konenkin"]
[Result "1/2-1/2"]
[WhiteElo "2486"]
[BlackElo "2394"]
[TimeControl "180+1"]
[EndTime "10:02:31 PDT"]
[Termination "Game drawn by repetition"]

1. e4 d6 2. d4 Nf6 3. Bd3 e5 4. Nf3 Nbd7 5. O-O Be7 6. Re1 c6 7. c3 Qc7 8. a4 h6 9. a5 Nf8 10.
Na3 g5 11. Nc4 Ng6 12. dxe5 dxe5 13. Ne3 g4 14. Nd2 Nf4 15. Bc4 Be6 16. Qb3 O-O-O 17.
Nf5 Bc5 18. Nf1 Nxe4 19. Bxe6+ fxe6 20. Ne7+ Qxe7 21. Rxe4 Qh4 22. Be3 Bxe3 23. fxe3 Ne2+ 24. Kh1 Rhf8 25. Qxe6+ Rd7 26. Qxe5 Rdf7 27. Qe6+ Kb8 28. Qe5+ Kc8 29. Qe6+ Kb8 30. Qe5+ Kc8 1/2-1/2

[Event "Early-Titled-Tuesday-Blitz-August-29-2023"]
[Site "Chess.com"]
[Date "2023.08.29"]
[Round "11"]
[White "thedjoker98"]
[Black "attack2mateU"]
[Result "1-0"]
[WhiteElo "2606"]
[BlackElo "2723"]
[TimeControl "180+1"]
[EndTime "10:02:34 PDT"]
[Termination "thedjoker98 won by resignation"]

1. d4 Nf6 2. c4 g6 3. Nc3 d5 4.
e3 Bg7 5. Qb3 dxc4 6. Bxc4 O-O 7.
Nf3 c5 8. dxc5 Qa5 9. O-O Qxc5 10. e4 Nc6 11. Be3 Qh5 12. Qb5 Bg4 13. Qxh5 Nxh5 14.
Be2 Rfc8 15. Rac1 Bxf3 16. Bxf3 Nd4 17. Bxd4 Bxd4 18. Bxh5 Bxc3 19. Bg4 f5 20. Bxf5 gxf5 21. Rxc3 Rxc3 22. bxc3 fxe4 23. Re1 Rc8 24. Rxe4 Rxc3 25.
g4 Kf7 26. a4 a5 27. Re5 b6 28. Rb5 Rc4 29. h3 Rb4 30. Rh5 Rxa4 31. Rxh7+ Ke6 32.
Rh6+ Ke5 33. Rxb6 Kf4 34. Kg2 Ra1 35. Re6 a4 36. Rxe7 a3 37. Ra7 a2 38. Ra5 Ke4 39. h4 Kf4 40. g5 Kg4 41. g6 Kxh4 42. g7 1-0

[Event "Early-Titled-Tuesday-Blitz-August-29-2023"]
[Site "Chess.com"]
[Date "2023.08.29"]
[Round "11"]
[White "vishwa_vijeta"]
[Black "Khromkin"]
[Result "0-1"]
[WhiteElo "2504"]
[BlackElo "2360"]
[TimeControl "180+1"]
[EndTime "10:02:36 PDT"]
[Termination "Khromkin won by checkmate"]

1. e4 c5 2. Nf3 Nc6 3. d4 cxd4 4. Nxd4 g6 5. c4 Bg7 6. Be3 Nf6 7. Nc3 Ng4 8. Qxg4 Nxd4 9. Qd1 Ne6 10. Be2 Qa5 11. Bd2 Qc5 12. O-O b6 13. Rb1 Bb7 14. Nd5 Bxd5 15. cxd5 Nd4 16. Bd3 O-O 17. Rc1 Qd6 18. Bc3 e5 19. dxe6 dxe6 20. Qa4 Nf3+ 21.
gxf3 Qxd3 22. Bxg7 Kxg7 23. Rc3 Qd2 24. Rc2 Qg5+ 25.
Kh1 Qf4 26. Qd4+ e5 27. Qd3 Rad8 28.
Qe2 Rd7 29. Rg1 Rfd8 30. Rg4 Qf6 31. Rc3 h5 32. Rg1 Rd2 33. Qe3 Rxb2 34. Rc7 Rdd2 35.
Rf1 Re2 36. Qd3 Rxf2 37. Rcc1 Rxh2+ 38. Kg1 Rbg2# 0-1

[Event "Early-Titled-Tuesday-Blitz-August-29-2023"]
[Site "Chess.com"]
[Date "2023.08.29"]
[Round "11"]
[White "crescentmoon2411"]
[Black "chess94cu"]
[Result "1-0"]
[WhiteElo "3010"]
[BlackElo "2715"]
[TimeControl "180+1"]
[EndTime "10:02:37 PDT"]
[Termination "crescentmoon2411 won by resignation"]

1. d4 Nf6 2. c4 e6 3. Nc3 Bb4 4.
e3 b6 5. Bd3 Bb7 6. Nf3 O-O 7.
Bd2 d5 8. O-O Nbd7 9. cxd5 exd5 10. Ne5 Bd6 11. f4 a6 12. Rf3 Ne4 13. Rh3 Ndf6 14.
g4 Qc8 15. Rh4 Nxd2 16. Qxd2 Ne4 17. Qg2 f5 18. g5 Bxe5 19. dxe5 g6 20. Bxe4 dxe4 21.
Rd1 Qe6 22. Qd2 b5 23. Qd7 Qxd7 24. Rxd7 b4 25. Rhxh7 Rfd8 26. Rdg7+ Kf8 27. Rxc7 Kg8 28. Rcg7+ Kf8 29. Rxb7 1-0

[Event "Early-Titled-Tuesday-Blitz-August-29-2023"]
[Site "Chess.com"]
[Date "2023.08.29"]
[Round "11"]
[White "stratacticos"]
[Black "Zampronha1971"]
[Result "0-1"]
[WhiteElo "1850"]
[BlackElo "2283"]
[TimeControl "180+1"]
[EndTime "10:02:37 PDT"]
[Termination "Zampronha1971 won on time"]

1. e4 c5 2. f4 e6 3. c4 Nc6 4. Nf3 d6 5. d4 cxd4 6. Nxd4 Nf6 7. Nc3 Be7 8. Nxc6 bxc6 9. Be2 Qb6 10. Na4 Qa5+ 11. Bd2 Qc7 12. Nc3 Rb8 13. b3 O-O 14.
O-O Rd8 15. Rc1 e5 16. f5 Nd7 17.
Qe1 Nc5 18. Qg3 Bf8 19. f6 g6 20. Qh4 Qd7 21. h3 Ne6 22. Bg4 Qe8 23. Bh6 Nf4 24.
Bxf4 exf4 25. Rxf4 Qe5 26. Bxc8 Rbxc8 27. Ne2 d5 28. cxd5 cxd5 29. Rxc8 Rxc8 30. Qg4 Rc2 31. Kf1 Qa1+ 32. Kf2 Bc5+ 33. Kg3 Qe1+ 34. Kh2 Qxe2 0-1

[Event "Early-Titled-Tuesday-Blitz-August-29-2023"]
[Site "Chess.com"]
[Date "2023.08.29"]
[Round "11"]
[White "TrenerChos"]
[Black "CrazyAdvenTures"]
[Result "1-0"]
[WhiteElo "2588"]
[BlackElo "2680"]
[TimeControl "180+1"]
[EndTime "10:02:40 PDT"]
[Termination "TrenerChos won on time"]

1. d4 Nf6 2. Nf3 g6 3. c4 Bg7 4. g3 O-O 5. Bg2 d6 6. O-O Nbd7 7. b3 e5 8. Bb2 e4 9. Nfd2 e3 10.
fxe3 Ng4 11. Rf3 Bh6 12. Nf1 Re8 13. e4 Rxe4 14. Rxf7 Kxf7 15. Bxe4 Ndf6 16. Bg2 Ne3 17. Qd2 Nfg4 18. Qd3 Bf5 19. Be4 Nxf1 20. Bxf5 Nfxh2 21. Bxg4 Nxg4 22. Nc3 Kg8 23. Qf3 Qd7 24.
Rf1 Ne3 25. Rf2 Rf8 26. Qe4 Rxf2 27. Kxf2 Qf7+ 28. Qf3 Ng4+ 29. Kg2 Ne3+ 30. Kg1 Qxf3 31. exf3 c6 32. Kf2 Nc2 33. Ne4 Bg7 34. Nxd6 b6 35. Nc8 Nxd4 36. Nxa7 c5 37. Nc8 b5 38. cxb5 Nxb5 39. Bxg7 Kxg7 40. a4 Nd4 41. a5 Nxb3 42. a6 c4 43. a7 c3 44. a8=Q c2 45. Qb7+ Kh6 46. Qxb3 c1=Q 47. Qe3+ 1-0

[Event "Early-Titled-Tuesday-Blitz-August-29-2023"]
[Site "Chess.com"]
[Date "2023.08.29"]
[Round "11"]
[White "nitpicker"]
[Black "miraitrunks"]
[Result "1-0"]
[WhiteElo "2293"]
[BlackElo "1999"]
[TimeControl "180+1"]
[EndTime "10:02:40 PDT"]
[Termination "nitpicker won on time"]

1. d4 Nf6 2. c4 c5 3. d5 b5 4. cxb5 a6 5. e3 axb5 6. Bxb5 Qa5+ 7. Nc3 Ne4 8. Ne2 g6 9. a4 Bg7 10. O-O Nxc3 11. Nxc3 O-O 12. e4 Ba6 13. Ra3 Qc7 14. Qg4 f5 15. exf5 Rxf5 16. Re1 d6 17. Bg5 Bd4 18. Rxe7 Rxf2 19. Qxd4 Qxe7 20. Bxe7 cxd4 21. Kxf2 dxc3 22. Rxc3 Bxb5 23. axb5 Nd7 24. Bxd6 Ra5 25. Rb3 Nb6 26. Bc7 1-0

[Event "Early-Titled-Tuesday-Blitz-August-29-2023"]
[Site "Chess.com"]
[Date "2023.08.29"]
[Round "11"]
[White "BashirliSaadat"]
[Black "Chessbard1972"]
[Result "0-1"]
[WhiteElo "2400"]
[BlackElo "2558"]
[TimeControl "180+1"]
[EndTime "10:02:41 PDT"]
[Termination "Chessbard1972 won by resignation"]

1. d4 Nf6 2. e3 d5 3. Bd3 g6 4.
f4 Bg7 5. Nf3 O-O 6. O-O c5 7. c3 b6 8. Qe2 a5 9. Nbd2 Ba6 10.
Ne5 Bxd3 11. Qxd3 e6 12. b3 Qc7 13. Bb2 Nbd7 14. Rac1 a4 15. Qb1 axb3 16. axb3 Nxe5 17. fxe5 Ng4 18. Rfe1 f6 19. h3 Nh6 20. exf6 Bxf6 21. e4 Bg5 22. Rcd1 Qg3 23. Nf1 Qf2+ 24. Kh1 cxd4 25. cxd4 Rac8 26. Nh2 Rc2 27. Rg1 Rxb2 28. Qa1 Ra2 29. Qb1 Re2 30. Rdf1 Qxd4 31. Rxf8+ Kxf8 32. exd5 exd5 33. Nf3 Qe3 34. Nxg5 Qxg5 35. Qf1+ Nf5 36.
g4 Qe3 37. gxf5 Qe4+ 38. Rg2 Qxg2+ 39. Qxg2 Rxg2 40. Kxg2 gxf5 41. Kf3 Kf7 42. Kf4 Kf6 43. b4 b5 44. h4 h5 45. Kf3 Ke5 46. Ke3 f4+ 47. Kf3 Kf5 48. Kf2 Kg4 49. Ke2 Kxh4 50.
Kd3 f3 51. Kd4 f2 52. Kc5 f1=Q 53. Kxd5 Qc4+ 0-1